 Dungeon Sprint DCSS version 0.17-a0-1951-g62301d3 (webtiles) character file.

50 kosy22 the Ruffian (level 4, -4/50 HPs)
             Began as a Troll Berserker on Oct 2, 2015.
             Was an Elder of Trog.
             Slain by a fire bat (8 damage)
             ... in the Dungeon (Sprint VI: "Thunderdome").
             The game lasted 00:01:37 (305 turns).

kosy22 the Ruffian (Troll Berserker)                 Turns: 305, Time: 00:01:37

Health: -4/50      AC:  5    Str: 26    XL:     4   Next: 78%
Magic:  3/3        EV: 11    Int:  3    God:    Trog [****..]
Gold:   80         SH:  0    Dex:  9    Spells: 0 memorised, 3 levels left

rFire  . . .     SeeInvis .       - Unarmed
rCold  . . .     Clarity  .     a - +0 animal skin
rNeg   . . .     SustAt   .     (no shield)
rPois  .         Gourm    +     (helmet restricted)
rElec  .         Spirit   .     (no cloak)
rCorr  .         Warding  .     (gloves unavailable)
rMut   .         NoTele   +     (boots unavailable)
MR     .....                    (no amulet)
Stlth  +.........               (no ring)
                                (no ring)

@: not resistant to hostile enchantments, very unstealthy
A: unfitting armour, claws 3, fast metabolism 3, gourmand, regeneration 2,
shaggy fur 1, tough skin 2
a: Burn Spellbooks, Berserk, Trog's Hand, Brothers in Arms, Renounce Religion


You were in the Dungeon.
You worshipped Trog.
Trog was greatly pleased with you.
You were not hungry.

You visited 1 branch You collected 80 gold pieces.

Inventory:

Armour
 a - a +0 animal skin (worn)
Scrolls
 h - a scroll of blinking
Potions
 c - a potion of curing
 d - a potion of heal wounds
 e - a potion of haste
 f - 2 potions of magic
 g - a potion of berserk rage
Comestibles
 b - 2 bread rations


   Skills:
 + Level 5.2 Fighting
 + Level 5.1 Dodging
 + Level 6.2 Unarmed Combat


You had 3 spell levels left.
You didn't know any spells.

Dungeon Overview and Level Annotations

Branches:
Dungeon (1/1)

Altars:
Cheibriados
Dithmenos
Fedhas
Gozag
Kikubaaqudgha
Makhleb
Okawaru
Qazlal
Ru
Sif Muna
Trog
Vehumet
Xom
Yredelemnul
Zin
The Shining One
Jiyva
Lugonu

Shops:
D *[%??*?*:[((!!!!


Innate Abilities, Weirdness & Mutations

You are too large for most types of armour.
You have claws for hands.
Your metabolism is lightning-fast.
You like to eat raw meat.
You heal very quickly.
You are covered in fur (AC +1).
You have very tough skin (AC +2).


Message History

The fire bat is heavily wounded.
The fire bat bites you but does no damage.
The fire bat bites you.
You are engulfed in flames!
The fire bat bites you.
You are engulfed in flames!
The fire bat bites you.
You are engulfed in flames.
* * * LOW HITPOINT WARNING * * *
You closely miss the fire bat.
The fire bat is heavily wounded.
The fire bat completely misses you. x2
The fire bat closely misses you. x2
You closely miss the fire bat.
The fire bat bites you but does no damage.
The fire bat bites you.
* * * LOW HITPOINT WARNING * * *
You are engulfed in flames!
* * * LOW HITPOINT WARNING * * *
The fire bat bites you but does no damage.
The fire bat bites you.
* * * LOW HITPOINT WARNING * * *
You are engulfed in flames!
You die...

#∩___......###......___∩##
∩........8.# #.8........∩###
...........###.............#
........###...###..........⌠
........# #.<.# #..........⌠
........###...###..........⌠
...........###.............#
∩........8.# #.8........∩###
#∩_._......###.b@....._∩##
######.8.......b.8.######
#⌠.........b.⌠#
###.........### #........_#
#_......._# #_......._#
#∩.......∩# ##∩.....∩##


You could see 3 fire bats.

Vanquished Creatures
  A big kobold (D)
  A jelly (D)
  5 oozes (D)
  A goblin (D)
  2 hobgoblins (D)
  A kobold (D)
11 creatures vanquished.

Notes
Turn   | Place    | Note
--------------------------------------------------------------
     0 | D        | kosy22 the Troll Berserker began the quest for the Orb.
     0 | D        | Reached XP level 1. HP: 22/22 MP: 0/0
     1 | D        | Found a blossoming altar of Fedhas.
     1 | D        | Found an opulent altar of Gozag.
     3 | D        | Found a corrupted altar of Lugonu.
     5 | D        | Round 1.
     9 | D        | Found a shadowy altar of Dithmenos.
    10 | D        | Found a sacrificial altar of Ru.
    11 | D        | Found a deep blue altar of Sif Muna.
    11 | D        | Found a glowing golden altar of the Shining One.
    12 | D        | Found a radiant altar of Vehumet.
    12 | D        | Found Naitaude's Weapon Rack.
    12 | D        | Found Zinu's Premium Goods.
    14 | D        | Found a shimmering altar of Xom.
    15 | D        | Found Cococausch's Do-It-Yourself Clinic.
    16 | D        | Found Zouge's Basic Armour.
    16 | D        | Found Vyfu's Miscellaneous Merchandise.
    51 | D        | Found Muixo's Bottled Wisdom.
    51 | D        | Found Baschiz's Distillery.
    52 | D        | Found a stormy altar of Qazlal.
    52 | D        | Found a burning altar of Makhleb.
    52 | D        | Found a glowing silver altar of Zin.
    52 | D        | Found Icamuk's Distillery.
    58 | D        | Found a snail-covered altar of Cheibriados.
    59 | D        | Found an ancient bone altar of Kikubaaqudgha.
    62 | D        | Found Teadwigoss's Staff Store.
    63 | D        | Found an iron altar of Okawaru.
    63 | D        | Found Ikip's Magic Scroll Shop.
    64 | D        | Found Yjuig's Must-Have Magic.
    64 | D        | Found Pooczuf's Magic Scroll Shop.
    75 | D        | Found a bloodstained altar of Trog.
    77 | D        | Found a viscous altar of Jiyva.
    79 | D        | Found Deusih's Bee Food.
    81 | D        | Found Civax's Jewellery.
    81 | D        | Found Cuapruh's Advanced Armour.
    82 | D        | Found a basalt altar of Yredelemnul.
    82 | D        | Found Kabuilaq's Identification Station.
    95 | D        | Acquired Trog's second power
    95 | D        | Reached XP level 2. HP: 29/31 MP: 1/1
   104 | D        | Noticed a jelly
   113 | D        | Killed a jelly
   113 | D        | Reached skill level 4 in Fighting
   113 | D        | Reached XP level 3. HP: 35/39 MP: 2/2
   138 | D        | Reached skill level 5 in Unarmed Combat
   174 | D        | Arena points: 14 (+14) [x2]
   208 | D        | Round 2.
   218 | D        | Noticed a big kobold
   232 | D        | Killed a big kobold
   232 | D        | Reached skill level 5 in Fighting
   232 | D        | Reached skill level 5 in Dodging
   232 | D        | Reached skill level 6 in Unarmed Combat
   232 | D        | Reached XP level 4. HP: 10/50 MP: 3/3
   255 | D        | Acquired Trog's third power
   277 | D        | Noticed Ijyb
   278 | D        | Arena points: 50 (+36) [x3]
   293 | D        | Round 3.
   294 | D        | Noticed a fire bat
   296 | D        | Noticed a fire bat
   296 | D        | Noticed a fire bat
   305 | D        | Slain by a fire bat

Vault maps used:
D:        arena_sprint

Action                   |  1- 3 |  4- 6 || total
-------------------------+-------+-------++-------
Melee: Unarmed           |    23 |     8 ||    31
